 Dungeon Crawl Stone Soup version 0.27.1 (webtiles) character file.

Game seed: 8986235583758130823

37916 VictoriousLee the Blocker (level 13, 0/119 HPs)
             Began as a Grey Draconian Fighter on Aug 24, 2021.
             Was a Priest of Ashenzari.
             Collided with a rock wall (21 damage)
             ... caused by a deep elf knight
             ... on level 14 of the Dungeon.
             The game lasted 01:17:18 (13695 turns).

VictoriousLee the Blocker (Grey Draconian Fighter) Turns: 13695, Time: 01:17:21

Health: 0/119      AC: 23    Str: 26    XL:     13   Next: 61%
Magic:  25/25      EV: 12    Int: 11    God:    Ashenzari [***...]
Gold:   331        SH: 15    Dex: 12    Spells: 26/29 levels left

rFire    . . .     SeeInvis +   W - +1 demon whip (freeze)
rCold    . . .     Faith    .   b - +0 kite shield
rNeg     . . .     Spirit   .   (armour unavailable)
rPois    .         Reflect  .   (helmet restricted)
rElec    .         Harm     .   X - +2 cloak
rCorr    .         Rampage  .   T - +1 pair of gloves "Enlightened Entitlement" {Fort, Comp} (curse)
Will     .....     Clarity  +   q - +0 pair of boots "Prescient Desperation" {Range, Self} (curse)
Stlth    +.........             O - amulet "Affliction of Ashenzari" {Regen+, Alch, Self} (curse)
HPRegen  1.29/turn              x - ring of the Omniscient Sun {AC+4, Fort, Melee} (curse)
MPRegen  0.19/turn              I - +6 ring of strength

@: studying Shields
A: AC +13, amphibious, unfitting armour, cold-blooded
a: Renounce Religion, Curse Item, Shatter the Chains


You were on level 14 of the Dungeon.
You worshipped Ashenzari.
Ashenzari was most pleased with you.
You visited 2 branches of the dungeon, and saw 15 of its levels.
You visited the Abyss 1 time.
You also visited: Bailey.

You collected 965 gold pieces.
You spent 634 gold pieces at shops.

Inventory:

Hand Weapons
 g - the +7 great mace of the Secret Scars {vorpal, MP+9 Str+2 Int+2 Stlth-}
   (You acquired it on level 8 of the Dungeon)

   It inflicts extra damage upon your enemies.
   Str:       It affects your strength (+2).
   Int:       It affects your intelligence (+2).
   MP:        It affects your magic capacity (+9).
   Stlth:     It makes you less stealthy.
 u - a +0 mace of protection
 w - a +0 morningstar
 K - a +0 antimagic hand axe
 P - the +2 mace of Moderation {freeze, rN+ Int+2 SInv}
   (You bought it in a shop on level 6 of the Dungeon)

   It freezes those it strikes, dealing additional cold damage.
   It can also slow down cold-blooded creatures.
   Int:       It affects your intelligence (+2).
   rN:        It protects you from negative energy.
   SInv:      It lets you see invisible.
 W - a +1 demon whip of freezing (weapon)
Missiles
 a - 4 javelins (quivered)
 h - 363 stones
 i - 7 throwing nets
 p - 7 boomerangs of dispersal
 G - 13 boomerangs
 Z - 3 curare-tipped darts
Armour
 b - a +0 kite shield (worn)
 j - a +0 pair of boots
 q - the cursed +0 pair of boots "Prescient Desperation" (worn) {Range, Self}
   (You found it on level 2 of the Dungeon)

   It has a curse which improves the following skills: Ranged Combat: Slings,
   Bows, Crossbows and Throwing.
   Introspection: Fighting and Spellcasting.
 E - a +0 tower shield
 T - the cursed +1 pair of gloves "Enlightened Entitlement" (worn) {Fort, Comp}
   (You found it on level 8 of the Dungeon)

   It has a curse which improves the following skills: Fortitude: Shields.
   Companions: Summonings and Necromancy.
 X - a +2 cloak (worn)
Jewellery
 o - a ring of flight
 x - the cursed ring of the Omniscient Sun (left hand) {AC+4, Fort, Melee}
   (You found it on level 3 of the Dungeon)

   [ring of protection]

   AC:        It affects your AC (+4).
   It has a curse which improves the following skills: Fortitude: Shields.
   Melee Combat: Short Blades, Long Blades, Axes, Maces & Flails, Polearms,
   Staves and Unarmed Combat.
 I - a +6 ring of strength (right hand)
 L - an amulet of regeneration
 O - the cursed amulet "Affliction of Ashenzari" (around neck) {Regen+, Alch, Self}
   (You found it on level 6 of the Dungeon)

   [amulet of regeneration]

   Regen:     It increases your rate of health regeneration.
   It has a curse which improves the following skills: Alchemy: Poison Magic and
   Transmutations.
   Introspection: Fighting and Spellcasting.
 V - a ring of resist corrosion
Wands
 f - a wand of charming (6)
 r - a wand of polymorph (8)
 A - a wand of flame (31)
 D - a wand of mindburst (4)
 R - a wand of acid (9)
 U - a wand of paralysis (8)
Scrolls
 c - 3 scrolls of teleportation
 e - 3 scrolls of enchant armour
 y - 2 scrolls of blinking
 B - 2 scrolls of fog
 F - 2 scrolls of magic mapping
 H - 4 scrolls of amnesia
 J - 2 scrolls of fear
 Q - 3 scrolls of immolation
 S - 2 scrolls of summoning
 Y - a scroll of silence
Potions
 d - a potion of heal wounds
 k - a potion of resistance
 l - 2 potions of attraction
 m - 5 potions of flight
 n - a potion of brilliance
 s - 2 potions of haste
 t - 3 potions of curing
 v - a potion of might
 z - a potion of mutation
 C - a potion of magic
 M - 3 potions of cancellation
 N - 4 potions of ambrosia


   Skills:
 - Level 9.6(12.3) Fighting
 - Level 14.0(15.5) Maces & Flails
 - Level 2.6 Dodging
 - Level 14.5(16.9) Shields
 - Level 5.6(8.5) Spellcasting
 + Level 7.9 Conjurations
 - Level 3.0 Fire Magic
 - Level 10.0 Earth Magic


You had 26 spell levels left.
You knew the following spells:

 Your Spells              Type           Power      Damage    Failure   Level
a - Foxfire               Conj/Fire      64%        2x1d7     1%          1
b - Blink                 Tloc           N/A        N/A       22%         2

Your spell library contained the following spells:

 Spells                   Type           Power      Damage    Failure   Level
 Call Imp                 Summ           5%         N/A       21%         2
 Sublimation of Blood     Necr           2%         N/A       21%         2
 Wereblood                Tmut           5%         N/A       21%         2
 Ensorcelled Hibernation  Hex/Ice        8%         N/A       22%         2
 Spider Form              Tmut/Pois      2%         N/A       38%         3
 Lesser Beckoning         Tloc           2%         N/A       41%         3
 Portal Projectile        Hex/Tloc       8%         N/A       41%         3
 Irradiate                Conj/Tmut      6%         3d15      61%         5
 Summon Lightning Spire   Summ/Air       4%         N/A       80%         4
 Blade Hands              Tmut           2%         N/A       98%         5
 Summon Forest            Summ/Tloc      2%         N/A       98%         5
 Manifold Assault         Tloc           4%         N/A       99%         5
 Eringya's Noxious Bog    Tmut/Pois      2%         N/A       100%        6
 Shadow Creatures         Summ           N/A        N/A       100%        6
 Dragon Form              Tmut           2%         N/A       100%        7
 Summon Hydra             Summ           2%         N/A       100%        7


Dungeon Overview and Level Annotations

Branches:
Dungeon (14/15)            Temple (1/1) D:6            Lair (0/6) D:11
    Orc (0/2) D:9          Vaults (0/5) D:13         Bailey (visited)

Altars:
Ashenzari
Cheibriados
Dithmenos
Elyvilon
Fedhas
Gozag
Hepliaklqana
Kikubaaqudgha
Makhleb
Nemelex Xobeh
Okawaru
Qazlal
Ru
Sif Muna
Trog
Uskayaw
Vehumet
Wu Jian
Xom
Yredelemnul
Zin
The Shining One

Shops:
D:4 [   D:6 (   D:7 :((:   D:12 (

Annotations:
D:13 1 runed translucent door, RatsInWalls's ghost, journeyman HOMo


Innate Abilities, Weirdness & Mutations

Your dull iron-grey scales are very hard. (AC +13)
You are amphibious.
You cannot fit into any form of body armour.
You are cold-blooded and may be slowed by cold attacks.


Message History

The deep elf knight hits you with a +0 short sword.
The deep elf zephyrmancer casts a spell at you.
The bolt of lightning hits you!!
You closely miss the deep elf knight.
The deep elf knight is severely wounded.
The deep elf knight gestures at you while chanting.
The lance of force misses you.
You feel much better.
The deep elf knight hits you with a +0 short sword.
The deep elf zephyrmancer hits you but does no damage.
You closely miss the deep elf zephyrmancer.
You tail-slap the deep elf zephyrmancer!
The deep elf zephyrmancer is lightly wounded.
The deep elf knight hits you but does no damage.
You closely miss the deep elf archer.
The deep elf knight hits you with a +0 short sword!
You whack the deep elf archer! You freeze the deep elf archer.
You tail-slap the deep elf archer, but do no damage.
The deep elf archer is lightly wounded.
The deep elf knight hits you with a +0 short sword!
* * * LOW HITPOINT WARNING * * *
The deep elf knight gestures at you while chanting.
The lance of force misses you.
The deep elf archer shoots an arrow.
You block the arrow.
Things that are here:
a +1 vampiric scimitar; a +0 buckler; an elf corpse The deep elf knight unwields a +0 short sword.
The deep elf knight wields a +0 longbow.
The deep elf knight shoots an arrow.
The arrow hits you!
* * * LOW HITPOINT WARNING * * *
The deep elf knight shoots an arrow.
The arrow hits you!!
* * * LOW HITPOINT WARNING * * *
You feel much better.
The deep elf knight shoots an arrow.
The arrow hits you but does no damage.
The deep elf knight gestures at you while chanting.
The lance of force hits you!
* * * LOW HITPOINT WARNING * * *
You are knocked back by the lance of force.
You slam into the rock wall!
You die...

..........##.. , * , ,
.>..##........, <
...###.#...... , .......
######.#..(...,* ......., *
#...#,....., *e......,,
##.### ##..#* *....... #..#
#.##### ##e...... , #.##
#.....# #........ , #†#
*#@####........ , #†#
#..)ee.#***, * ##.# #####e.#
* # ##..# ##.####.# ...#####
#......# ,
.......##############......#*
*
#####.......##.....#.........
#.....................###, ,
#................#>......


You could see a deep elf archer (repels missiles), a deep elf knight (fast) and
a deep elf zephyrmancer.

Vanquished Creatures
  Louise (D:14)
  An ironbound preserver (D:13)
  Harold (D:10)
  3 hydras
  5 boulder beetles
  5 two-headed ogres
  5 centaur warriors
  A tengu warrior (D:13)
  3 death yaks (D:11)
  Sonja (D:11)
  Pikel (D:7)
  5 ugly things
  A wolf spider (D:13)
  A manticore (D:11)
  5 cyclopes
  A centaur zombie (D:11)
  Maurice (D:12)
  3 gargoyles
  A kobold demonologist (D:13)
  An efreet (D:13)
  3 trolls
  Grinder (D:4)
  Prince Ribbit (D:6)
  A raiju (Abyss:3)
  A slime creature (D:13)
  A meliai zombie (D:11)
  3 wraiths
  A shadow (D:10)
  15 yaks
  A fire bat (shapeshifter) (D:13)
  A wyvern (D:11)
  A basilisk (D:14)
  3 small abominations (Abyss:3)
  2 steam dragons
  7 vampire mosquitoes
  3 acid dragons
  A water moccasin (D:8)
  16 orc warriors
  A black bear (D:4)
  3 ogres
  An ice beast (D:6)
  A sky beast (D:7)
  A lemure (D:7)
  12 centaurs
  A kobold brigand (D:9)
  A bullfrog (D:9)
  2 scorpions
  2 gnoll sergeants
  A water moccasin skeleton (D:5)
  12 killer bees
  10 wights
  6 howler monkeys
  A jelly (D:4)
  A bullfrog zombie (D:7)
  2 iguanas (D:5)
  7 orc priests
  2 centaur skeletons
  2 gnoll shamans
  6 hounds
  Crazy Yiuf (D:4)
  An iron imp (Abyss:3)
  Terence (D:2)
  Natasha (thrice) (D:3)
  2 hell rats (D:11)
  15 orc wizards
  2 howler monkey zombies
  19 gnolls
  4 adders
  A white imp (D:7)
  An adder skeleton (D:4)
  73 orcs
  8 ball pythons
  A bat (D:1)
  7 endoplasms
  4 giant cockroaches
  10 hobgoblins
  A jackal (D:3)
  10 kobolds
  12 quokkas
  5 frilled lizards
  9 goblins
  5 rats
378 creatures vanquished.

Vanquished Creatures (others)
  A deep elf knight (D:14)
  A centaur (Bailey)
  2 fungi (D:2)
  5 toadstools (D:1)
9 creatures vanquished.

Grand Total: 387 creatures vanquished

Notes
Turn   | Place    | Note
-------+----------+-------------------------------------------
     0 | D:1      | VictoriousLee the Draconian Fighter began the quest for the
                  | Orb.
     0 | D:1      | Reached XP level 1. HP: 19/19 MP: 1/1
   288 | D:1      | Reached XP level 2. HP: 26/26 MP: 2/2
  1072 | D:1      | Reached XP level 3. HP: 31/31 MP: 3/3
  1625 | D:2      | Noticed Terence
  1633 | D:2      | Killed Terence
  1641 | D:2      | Found a faded altar of an unknown god.
  1650 | D:2      | Got Plato's Volume of Ignition
  1731 | D:2      | Reached XP level 4. HP: 38/38 MP: 4/4
  1733 | D:2      | Learned a level 1 spell: Foxfire
  2017 | D:3      | Noticed Natasha
  2030 | D:3      | Killed Natasha
  2031 | D:3      | Reached skill level 1 in Fire Magic
  2261 | D:3      | Noticed Natasha
  2279 | D:3      | Killed Natasha
  2280 | D:3      | Reached XP level 5. HP: 35/45 MP: 5/5
  2282 | D:3      | Noticed Natasha
  2298 | D:3      | Killed Natasha
  2299 | D:3      | Reached skill level 5 in Maces & Flails
  2540 | D:3      | Found an opulent altar of Gozag.
  3479 | D:4      | Noticed an ogre
  3496 | D:4      | Killed an ogre
  3497 | D:4      | Reached XP level 6. HP: 29/51 MP: 6/6
  3840 | D:4      | Noticed Grinder
  3871 | D:4      | Killed Grinder
  3872 | D:4      | Your scales start taking on a dull iron-grey colour.
  3872 | D:4      | Reached XP level 7. HP: 51/57 MP: 7/7
  4105 | D:4      | Found Veomet's Antique Armour Shoppe.
  4196 | D:4      | Found a runed translucent door.
  4197 | D:4      | Noticed Crazy Yiuf
  4209 | D:4      | Killed Crazy Yiuf
  4535 | D:5      | Entered Level 5 of the Dungeon
  4672 | D:5      | Got Sif Muna's Collected Works on Quantum Creation
  4676 | D:5      | Learned a level 2 spell: Blink
  4787 | D:5      | Reached XP level 8. HP: 63/63 MP: 8/8
  5291 | D:6      | Found Olesiez's Antique Weapon Shoppe.
  5322 | D:6      | Bought a translucent mace for 256 gold pieces
  5322 | D:6      | Identified the +2 mace of Moderation {freeze, rN+ Int+2
                  | SInv} (You bought it in a shop on level 6 of the Dungeon)
  5350 | D:6      | Reached skill level 10 in Maces & Flails
  5437 | D:6      | Found a staircase to the Ecumenical Temple.
  5451 | Temple   | Entered the Ecumenical Temple
  5847 | Temple   | Became a worshipper of Ashenzari the Shackled
  5847 | Temple   | Identified a scroll of acquirement
  6047 | D:6      | Noticed Prince Ribbit
  6161 | D:6      | Killed Prince Ribbit
  6162 | D:6      | Reached XP level 9. HP: 70/70 MP: 9/9
  6807 | D:7      | Found Refegh's Book Emporium.
  6807 | D:7      | Found Gungaghe's Antique Weapon Shop.
  6811 | D:7      | Found Paxuull's Weapon Emporium.
  6811 | D:7      | Found Wapnull's Book Shop.
  7088 | D:7      | Noticed Pikel
  7098 | D:7      | Killed Pikel
  7379 | D:8      | Acquired the +7 great mace of the Secret Scars {vorpal,
                  | MP+9 Str+2 Int+2 Stlth-}
  7637 | D:8      | Noticed a two-headed ogre
  7663 | D:8      | Reached XP level 10. HP: 62/78 MP: 10/10
  7693 | D:8      | Killed a two-headed ogre
  7715 | D:8      | Reached skill level 5 in Fighting
  7740 | D:8      | Identified the cursed +0 pair of boots "Prescient
                  | Desperation" {Range, Self} (You found it on level 2 of the
                  | Dungeon)
  7776 | D:8      | Found a flagged portal.
  7801 | Bailey   | Entered a bailey
  7978 | Bailey   | Reached skill level 1 in Spellcasting
  8241 | Bailey   | Reached * piety under Ashenzari
  8326 | Bailey   | Reached skill level 5 in Shields
  8449 | D:8      | Noticed a seven-headed hydra
  8449 | D:8      | Noticed a centaur warrior
  8466 | D:8      | Killed a seven-headed hydra
  8467 | D:8      | Reached XP level 11. HP: 83/95 MP: 14/16
  8510 | D:8      | Noticed a centaur warrior
  8540 | D:8      | Killed a centaur warrior
  8549 | D:8      | Killed a centaur warrior
  8947 | D:9      | Noticed a two-headed ogre
  8955 | D:9      | Killed a two-headed ogre
  9105 | D:9      | Reached ** piety under Ashenzari
  9121 | D:9      | Found a staircase to the Orcish Mines.
  9406 | D:9      | Noticed a two-headed ogre
  9416 | D:9      | Killed a two-headed ogre
  9417 | D:9      | Reached skill level 5 in Spellcasting
  9644 | D:10     | Entered Level 10 of the Dungeon
  9648 | D:10     | Noticed a boulder beetle
  9673 | D:10     | Killed a boulder beetle
  9697 | D:10     | Reached *** piety under Ashenzari
  9823 | D:7      | Bought a glowing demon whip for 378 gold pieces
 10156 | D:10     | Noticed Harold
 10167 | D:10     | Killed Harold
 10168 | D:10     | Reached skill level 10 in Shields
 10319 | D:10     | Noticed a two-headed ogre
 10332 | D:10     | Killed a two-headed ogre
 10333 | D:10     | Reached XP level 12. HP: 105/110 MP: 23/23
 10758 | D:11     | Noticed Sonja
 10802 | D:11     | Killed Sonja
 11017 | D:11     | Noticed a death yak
 11017 | D:11     | Noticed a death yak
 11023 | D:11     | Noticed a death yak
 11031 | D:11     | Killed a death yak
 11040 | D:11     | Killed a death yak
 11048 | D:11     | Killed a death yak
 11063 | D:11     | Found a staircase to the Lair.
 11649 | D:12     | Found Waim's Weapon Shop.
 11695 | D:12     | Reached skill level 1 in Earth Magic
 11798 | D:12     | Found a stormy altar of Qazlal.
 11798 | D:12     | Noticed Maurice
 11805 | D:12     | Killed Maurice
 11961 | D:12     | Reached skill level 5 in Earth Magic
 12182 | D:13     | Noticed a seven-headed hydra
 12196 | D:12     | Killed a seven-headed hydra
 12251 | D:13     | Found a gate to the Vaults.
 12251 | D:13     | Noticed an ironbound preserver
 12275 | D:13     | Killed an ironbound preserver
 12302 | D:13     | Noticed a centaur warrior
 12319 | D:13     | Killed a centaur warrior
 12342 | D:13     | Noticed a boulder beetle
 12375 | D:13     | Killed a boulder beetle
 12376 | D:13     | Reached XP level 13. HP: 75/119 MP: 25/25
 12557 | D:13     | Reached skill level 10 in Earth Magic
 12582 | D:13     | Reached skill level 1 in Conjurations
 12815 | D:13     | Found a runed translucent door.
 12818 | D:13     | Noticed RatsInWalls's ghost (journeyman HOMo)
 13073 | D:13     | Reached skill level 5 in Conjurations
 13230 | D:14     | Noticed Louise
 13268 | D:14     | Cast into level 3 of the Abyss (Louise)
 13285 | Abyss:3  | Noticed a tentacled starspawn
 13397 | D:14     | Escaped the Abyss
 13420 | D:14     | Killed Louise
 13695 | D:14     | Collided with a rock wall

Illustrated notes

Levels and vault maps discovered:
D:1:      heliophobic_arrival_glass_houses, layout_basic,
          minmay_gold_behind_fungi
D:2:      layout_basic, shapermc_ecumenical_altar_rom_forum, uniq_terence
D:3:      minmay_razor_zed, layout_basic, mainiacjoe_overflow_boulevard,
          uniq_natasha
D:4:      layout_rooms, serial_shops, shop, minmay_splitting_lines,
          kennysheep_generic_room_4, uniq_crazy_yiuf_cottage, uniq_grinder
D:5:      layout_rooms
D:6:      layout_basic, minmay_temple_entry_nine_rooms, serial_shops,
          nicolae_square_shop, uniq_prince_ribbit1
D:7:      layout_gridville, nicolae_wooded_promenade, uniq_pikel
D:8:      layout_basic, enter_bailey_5, kb_rosetta
D:9:      layout_roguey, orc_0_dummy
D:10:     layout_stronghold, uniq_harold
D:11:     layout_irregular_city, dpeg_lair_monsters, uniq_sonja
D:12:     layout_basic, serial_shops, kennysheep_mini_moat,
          grunt_qazlal_sundering, uniq_maurice
D:13:     layout_long_grid, skrybe_vaults_entry_preservation,
          gammafunk_ghost_grave, kennysheep_generic_room_8
D:14:     layout_rooms, minmay_hedge_maze, uniq_nessos, uniq_louise, uniq_snorg
Temple:   compressed_dpeg_triangle_lava_temple

Skill      XL: |  1  2  3  4  5  6  7  8  9 10 11 12 13 |
---------------+----------------------------------------+-----
Maces & Flails | 3 4 5 7 9 11 13 14 | 14.0
Fire Magic     | 1 3 |  3.0
Fighting       | 7 9 |  9.6
Shields        | 5 11 14 | 14.5
Spellcasting   | 2 5 |  5.6
Earth Magic    | 9 10 | 10.0
Conjurations   | 7 |  7.9
Dodging        | |  2.6

Action                   |  1- 3 |  4- 6 |  7- 9 | 10-12 | 13-15 || total
-------------------------+-------+-------+-------+-------+-------++-------
Melee: Flail             |    34 |       |       |       |       ||    34
       Tailslap          |     9 |    21 |    63 |   138 |    46 ||   277
       Whip              |    56 |   153 |   177 |       |       ||   386
       Mace              |       |       |   265 |   481 |       ||   746
       Demon whip        |       |       |       |   314 |   234 ||   548
Throw: Dart              |       |     5 |    11 |    32 |     4 ||    52
       Boomerang         |       |       |       |       |     3 ||     3
       Javelin           |       |       |       |       |     1 ||     1
Invok: Curse Item        |       |       |     1 |     4 |       ||     5
       Shatter the Chain |       |       |       |     1 |       ||     1
Evoke: Wand              |       |       |       |     5 |       ||     5
  Use: Potion            |       |     1 |     1 |     2 |     2 ||     6
       Scroll            |       |       |     1 |     3 |       ||     4
Armor: Skin              |    17 |    40 |   160 |   281 |    47 ||   545
Dodge: Dodged            |    43 |    44 |   148 |   221 |    59 ||   515
Block: Kite shield       |    31 |    54 |   175 |   408 |    96 ||   764
